 Dungeon Crawl Stone Soup version 0.28.0-45-g0d030f2227 (webtiles) character file.

Game seed: 17333702226459807531

43 NinjaNoafa the Ruffian (level 3, -2/29 HPs)
             Began as a Draconian Transmuter on Apr 11, 2022.
             Slain by Natasha (9 damage)
             ... on level 2 of the Dungeon.
             The game lasted 00:02:02 (1691 turns).

NinjaNoafa the Ruffian (Draconian Transmuter)       Turns: 1691, Time: 00:02:03

Health: -2/29      AC:  5    Str: 12    XL:     3   Next: 37%
Magic:  5/6        EV: 12    Int: 15    God:
Gold:   61         SH:  0    Dex: 11    Spells: 5/6 levels left

rFire   . . .      SeeInvis .     - Unarmed
rCold   . . .      Faith    .   f - orb {mayhem}
rNeg    . . .      Spirit   .   (armour unavailable)
rPois   .          Reflect  .   (helmet currently unavailable)
rElec   .          Harm     .   (no cloak)
rCorr   .          Rampage  .   (no gloves)
Will    .....                   (boots currently unavailable)
Stlth   +.........              (no amulet)
HPRegen 0.09/turn               (no ring)
MPRegen 0.10/turn               (no ring)

@: appendages
A: horns 2, talons 2, AC +5, unfitting armour, cold-blooded
a: End Transformation


You were on level 2 of the Dungeon.
You had temporarily grown beastly horns and talons.
You visited 1 branch of the dungeon, and saw 2 of its levels.

You collected 61 gold pieces.

Inventory:

Missiles
 d - 5 stones (quivered)
Armour
 f - an orb of mayhem (worn)
Scrolls
 a - a scroll of enchant armour {unknown}
 c - 2 scrolls of identify {unknown}
 h - a scroll of amnesia {unknown}
Potions
 b - a potion of magic {unknown}
 e - a potion of resistance {unknown}
 g - 2 potions of cancellation {unknown}


   Skills:
 + Level 1.9 Fighting
 + Level 2.1 Dodging
 + Level 3.3 Unarmed Combat
 + Level 2.3 Spellcasting
 + Level 2.4 Transmutations


You had 5 spell levels left.
You knew the following spells:

 Your Spells              Type           Power      Damage    Failure   Level
a - Beastly Appendage     Tmut           18%        N/A       8%          1

Your spell library contained the following spells:

 Spells                   Type           Power      Damage    Failure   Level
 Wereblood                Tmut           9%         N/A       12%         2
 Spider Form              Tmut/Pois      5%         N/A       36%         3
 Ice Form                 Ice/Tmut       5%         N/A       78%         4


Dungeon Overview and Level Annotations

Branches:
Dungeon (2/15)

Altars:

Annotations:
D:2 Natasha


Innate Abilities, Weirdness & Mutations

You have temporarily grown beastly horns and talons.
Your plain brown scales are hard. (AC +5)
You cannot fit into any form of body armour.
You are cold-blooded and may be slowed by cold attacks.


Message History

You are poisoned.
The adder poisons you!
You miss the adder. You claw the adder, but do no damage.
Your headbutt misses the adder.
The adder is heavily wounded.
You feel sick. The adder closely misses you.
You barely miss the adder. Your kick misses the adder.
Your headbutt misses the adder.
The adder is heavily wounded.
You feel sick. The adder bites you. The adder closely misses you.
You miss the adder. Your kick misses the adder.
The adder is heavily wounded.
You feel sick. The adder bites you.
You hit the adder.
The adder is severely wounded.
You feel sick. The adder misses you.
Natasha howls an incantation.
Natasha shimmers violently.
You miss the adder.
Your tail-slap misses the adder.
The adder is severely wounded.
You feel sick.
You are no longer poisoned.
The adder misses you.
You hit the adder.
The adder is severely wounded.
The adder closely misses you. The adder bites you but does no damage.
You hit the adder.
You kill the adder!
Natasha flies into a frenzy!
Natasha completely misses you.
You hit Natasha but do no damage. Your headbutt misses Natasha.
Your horns disappear.
Your talons disappear.
Natasha claws you!
* * * LOW HITPOINT WARNING * * *
Natasha hisses angrily.
Natasha closely misses you.
Casting: Beastly Appendage (safe; 8% risk of failure)
Confirm with . or Enter, or press ? or * to list all spells.
You grow a pair of large bovine horns.
Your feet morph into talons.
Natasha barely misses you. Natasha claws you!
You die...

##### ## ####...#
.. #......# .##
#.##...# ...#.
#.###.######......
## #.#
#...@h.†...... .#
#.# #########..###
.# #.# # .# #.# .#
#.# .# #.# ##
#.#### # #....##
###########...####


You could see the neutral Natasha (fast, strong, insane).

Vanquished Creatures
  An adder (D:2)
  A dart slug (D:1)
  A ball python (D:1)
  3 bats (D:1)
  5 endoplasms
  2 giant cockroaches (D:1)
  A hobgoblin (D:1)
  A frilled lizard (D:1)
  6 goblins
  5 kobolds (D:1)
  4 rats
30 creatures vanquished.

Notes
Turn   | Place    | Note
-------+----------+-------------------------------------------
     0 | D:1      | NinjaNoafa the Draconian Transmuter began the quest for the
                  | Orb.
     0 | D:1      | Reached XP level 1. HP: 16/16 MP: 3/3
   275 | D:1      | Reached XP level 2. HP: 18/23 MP: 5/5
  1164 | D:2      | Reached XP level 3. HP: 24/29 MP: 6/6
  1676 | D:2      | Noticed Natasha
  1691 | D:2      | Slain by Natasha

Illustrated notes

Levels and vault maps discovered:
D:1:      zelgadis_glass_arrival_small, layout_loops_ring
D:2:      layout_loops_corners, uniq_natasha

Skill      XL: |  1  2 |
---------------+-------+-----
Dodging        | 2 |  2.1
Fighting       | |  1.9
Unarmed Combat | |  3.3
Spellcasting   | |  2.3
Transmutations | |  2.4

Action                   || total
-------------------------++-------
Melee: Unarmed           ||    72
       Kick              ||    12
       Tailslap          ||     7
       Headbutt          ||     4
 Cast: Beastly Appendage ||    17
Armor: Skin              ||    31
Dodge: Dodged            ||    42
